Map: Lost and Found LE

Players

LiquidTLO (TLO) - Winner!

  • Race: Zerg Zerg
  • League: Grandmaster
  • Spawn Location: 1:00

Namshar

  • Race: Zerg Zerg
  • League: Grandmaster
  • Spawn Location: 7:00

Event: HomeStory Cup XVII

VOD

Have the link to the VOD?

Description

Time

  • Played on: June 28, 2018, 4:14 p.m.
  • Length: 16:36

All games in this series

Show
View Real Time Build Order
Export as new Build Order

LiquidTLO Zerg - Winner!

Build Orders: Hatch First, Lurkers 

Get SALT Encoding   

  12  0:00  Drone  
  13  0:08  Drone  
  14  0:17  Overlord  
  14  0:23  Extractor, Drone  
  15  0:36  Drone  
  16  0:48  Hatchery  
  15  0:51  Drone  
  15  0:54  Drone  
  17  0:57  Drone  
  17  1:01  Extractor  
  17  1:13  Spawning Pool  
  17  1:16  Drone  
  17  1:20  Drone  
  18  1:26  Drone  
  19  1:37  Drone  
  20  1:48  Drone  
  21  1:59  Overlord  
  21  2:00  Queen x2  
  25  2:03  Metabolic Boost  
  25  2:06  Drone  
  26  2:13  Drone x2  
  28  2:28  Hatchery  
  27  2:31  Zergling x2  
  27  2:33  Drone  
  27  2:36  Zergling x2  
  30  2:41  Overlord  
  30  2:46  Zergling x2  
  30  2:47  Drone  
  32  2:51  Baneling Nest  
  31  3:02  Zergling x2  
  31  3:03  Zergling x4  
  31  3:04  Zergling x2  
  35  3:08  Zergling x2  
  35  3:10  Zergling x8  
  35  3:12  Zergling x2  
  41  3:17  Zergling x2  
  41  3:18  Drone  
  43  3:26  Overlord  
  43  3:30  Overlord  
  43  3:37  Drone  
  43  3:38  Baneling  
  43  3:40  Overlord, Queen  
  46  3:42  Drone  
  46  3:46  Drone  
  45  3:48  Drone  
  45  3:49  Drone  
  45  3:50  Drone  
  45  3:52  Drone  
  45  3:54  Baneling  
  45  3:59  Drone x2  
  45  4:00  Drone  
  47  4:06  Zergling x2  
  47  4:07  Zergling x2  
  47  4:08  Zergling x2  
  46  4:10  Drone  
  46  4:11  Drone  
  46  4:14  Zergling x4  
  46  4:15  Zergling x2  
  51  4:19  Spine Crawler  
  51  4:20  Zergling x2  
  51  4:24  Zergling x2, Evolution Chamber  
  52  4:27  Baneling  
  52  4:28  Baneling, Zergling x2  
  52  4:32  Zergling x2  
  52  4:33  Zergling x2  
  52  4:34  Zergling x2  
  52  4:35  Zergling x2  
  52  4:36  Zergling x2  
  55  4:45  Drone  
  55  4:46  Drone  
  55  4:48  Zergling x2  
  55  4:49  Zergling x4  
  55  4:50  Zergling x2  
  55  4:51  Zergling x4  
  58  4:56  Extractor, Drone, Roach Warren  
  58  4:59  Zergling x2  
  53  5:00  Drone  
  53  5:03  Drone  
  53  5:04  Drone x2  
  56  5:07  Baneling x2  
  56  5:08  Zergling x2  
  56  5:13  Drone x2  
  59  5:19  Drone x2  
  62  5:21  Drone  
  62  5:28  Extractor  
  60  5:30  Drone x2  
  60  5:32  Drone x3  
  60  5:34  Drone  
  59  5:43  Roach x2  
  59  5:44  Roach  
  59  5:45  Roach x2  
  59  5:46  Roach  
  71  5:50  Zergling x2  
  71  5:53  Zergling x2  
  72  5:57  Overlord  
  72  5:59  Extractor, Lair  
  72  6:01  Zergling x4  
  72  6:02  Overlord  
  73  6:04  Overlord  
  73  6:05  Extractor  
  73  6:08  Overlord  
  71  6:11  Baneling  
  71  6:12  Baneling  
  71  6:17  Drone x3  
  74  6:18  Evolution Chamber  
  74  6:19  Drone  
  74  6:20  Drone x2  
  74  6:21  Drone x2  
  74  6:23  Pneumatized Carapace  
  74  6:24  Drone  
  79  6:29  Drone x2  
  79  6:30  Drone  
  82  6:33  Extractor, Roach  
  82  6:34  Zerg Missile Weapons Level 1  
  84  6:40  Drone  
  84  6:41  Drone, Roach  
  84  6:42  Drone  
  84  6:43  Roach  
  84  6:45  Roach  
  92  6:47  Roach  
  92  6:48  Drone  
  92  6:50  Drone  
  96  6:55  Baneling x4  
  96  6:59  Roach  
  98  7:03  Overlord  
  98  7:06  Overlord  
  98  7:07  Hydralisk Den  
  97  7:16  Overlord x3  
  97  7:18  Zerg Ground Armor Level 1  
  97  7:20  Overlord, Queen  
  99  7:24  Glial Reconstitution  
  99  7:26  Drone x3  
  99  7:27  Drone  
  99  7:29  Roach  
  105  7:31  Roach  
  105  7:33  Roach  
  105  7:34  Roach  
  111  7:37  Roach  
  111  7:38  Roach  
  111  7:40  Roach  
  111  7:42  Roach  
  118  7:48  Roach  
  118  7:50  Roach  
  118  7:51  Roach x2  
  121  7:52  Roach  
  121  7:53  Roach  
  121  7:54  Roach  
  121  7:56  Roach  
  121  7:57  Roach  
  131  7:59  Roach  
  131  8:02  Roach x2  
  133  8:06  Overlord x2  
  133  8:08  Roach  
  133  8:11  Roach  
  137  8:16  Overlord x2  
  137  8:25  Roach  
  137  8:26  Roach  
  141  8:27  Muscular Augments  
  141  8:31  Zerg Missile Weapons Level 2  
  141  8:33  Roach x2  
  145  8:34  Ravager  
  145  8:35  Ravager x2  
  145  8:36  Ravager  
  145  8:39  Roach x2  
  145  8:40  Zergling x2, Roach  
  145  8:41  Roach  
  158  8:43  Roach  
  160  8:54  Overlord  
  160  8:57  Overlord  
  160  8:58  Overlord x2  
  160  9:05  Overlord  
  160  9:13  Overlord, Hydralisk x4  
  170  9:17  Roach x2  
  170  9:18  Roach x2  
  170  9:23  Hatchery  
  170  9:24  Hydralisk  
  174  9:25  Roach x2  
  174  9:26  Roach  
  174  9:28  Roach x2  
  186  9:35  Hydralisk, Drone  
  189  9:38  Grooved Spines  
  189  9:41  Hydralisk  
  189  9:44  Roach  
  193  9:47  Roach  
  193  9:50  Roach x2  
  199  10:02  Zerg Ground Armor Level 2  
  199  10:07  Lurker Den  
  199  10:13  Overlord  
  190  10:29  Hydralisk  
  190  10:30  Hydralisk x6  
  190  10:32  Roach  
  190  10:35  Roach  
  184  10:38  Roach x2  
  184  10:39  Hydralisk x3  
  184  10:41  Roach x2  
  184  10:45  Hydralisk x3, Roach x2  
  184  10:47  Roach  
  184  10:48  Overlord  
  184  10:49  Roach  
  194  10:55  Drone  
  195  11:00  Hydralisk  
  195  11:01  Hydralisk x3  
  195  11:03  Roach  
  195  11:04  Roach  
  168  11:06  Roach  
  168  11:07  Drone  
  168  11:09  Hydralisk  
  168  11:10  Hydralisk  
  172  11:14  Hydralisk  
  172  11:17  Roach  
  172  11:18  Roach  
  178  11:20  Roach  
  178  11:22  Roach  
  182  11:28  Roach  
  182  11:29  Roach  
  182  11:31  Overseer, Roach  
  182  11:32  Roach  
  191  11:40  Drone x3, Lurker  
  191  11:42  Extractor  
  193  11:50  Overseer  
  193  12:03  Hydralisk x2  
  193  12:04  Hydralisk  
  193  12:05  Overseer  
  199  12:12  Lurker  
  188  12:27  Hydralisk x2  
  188  12:28  Hydralisk  
  192  12:33  Hydralisk x2  
  192  12:35  Hydralisk x3  
  192  12:36  Hydralisk x4  
  179  12:38  Roach  
  179  12:39  Roach  
  179  12:40  Roach  
  179  12:41  Zergling x6  
  179  12:42  Drone  
  179  12:43  Roach  
  183  12:44  Extractor, Roach  
  183  12:46  Roach x2  
  183  12:47  Roach  
  183  12:51  Hydralisk  
  184  12:53  Roach  
  184  12:57  Roach x2  
  188  12:59  Roach x2  
  188  13:01  Roach x2  
  188  13:03  Roach  
  188  13:04  Roach  
  173  13:05  Roach  
  173  13:08  Roach  
  173  13:09  Roach  
  173  13:10  Roach  
  173  13:11  Roach  
  179  13:13  Roach  
  179  13:14  Roach  
  179  13:16  Roach  
  179  13:19  Roach x2  
  183  13:20  Roach  
  183  13:25  Roach  
  185  13:28  Overlord  
  185  13:33  Overlord x2  
  177  13:35  Overlord  
  177  13:39  Infestation Pit  
  177  13:48  Lurker  
  177  13:49  Lurker x3  
  177  13:51  Overlord, Overseer  
  177  13:52  Roach  
  177  13:54  Roach  
  177  13:55  Roach  
  186  13:56  Hatchery, Roach  
  186  13:57  Roach  
  186  14:02  Roach x2  
  193  14:03  Drone  
  193  14:05  Hydralisk x2  
  193  14:07  Hydralisk  
  200  14:10  Overseer  
  200  14:16  Roach  
  199  14:36  Roach  
  199  14:40  Roach  
  199  14:41  Roach  
  199  14:42  Roach  
  199  14:46  Overlord, Overseer  
  197  14:53  Roach  
  197  14:55  Roach  
  197  14:56  Roach  
  197  14:57  Roach x2  
  197  14:58  Roach x2  
  197  14:59  Roach  
  195  15:00  Roach  
  195  15:01  Roach x2  
  195  15:05  Roach  
  161  15:07  Hydralisk x2  
  161  15:08  Roach  
  161  15:11  Queen  
  163  15:16  Hydralisk  
  163  15:17  Queen  
  163  15:19  Overseer  
  167  15:23  Hydralisk  
  167  15:25  Hydralisk  
  171  15:28  Roach  
  171  15:29  Ravager  
  171  15:31  Roach  
  171  15:34  Roach  
  167  15:36  Roach  
  167  15:39  Roach  
  167  15:40  Roach  
  159  15:45  Roach x2  
  159  15:47  Queen  
  159  15:49  Roach  
  153  15:51  Roach  
  153  15:55  Roach  
  153  15:56  Roach  
  151  15:57  Roach  
  151  16:01  Roach  
  151  16:02  Roach  
  135  16:07  Roach  
  135  16:08  Roach  
  135  16:10  Drone  
  140  16:12  Roach  
  140  16:14  Drone x2  
  140  16:16  Lurker  
  140  16:17  Ravager x2  
  147  16:21  Drone  
  145  16:25  Lurker  
  145  16:26  Ravager x7  
Show
View Real Time Build Order
Export as new Build Order

Namshar Zerg 

Build Orders: Hatch First, Lurkers 

Get SALT Encoding   

  12  0:00  Drone  
  13  0:12  Overlord  
  13  0:16  Drone  
  14  0:30  Drone x2  
  14  0:34  Drone  
  17  0:51  Hatchery  
  17  0:54  Drone  
  17  0:57  Drone  
  18  1:08  Extractor  
  17  1:12  Spawning Pool  
  17  1:14  Drone  
  17  1:17  Drone  
  18  1:27  Drone  
  19  1:43  Overlord  
  19  1:49  Drone  
  20  1:58  Queen  
  22  2:02  Queen  
  22  2:03  Zergling x4  
  22  2:08  Metabolic Boost  
  26  2:10  Drone  
  26  2:13  Drone  
  28  2:21  Drone  
  29  2:24  Drone  
  30  2:33  Hatchery  
  30  2:36  Drone  
  30  2:37  Drone  
  30  2:43  Drone  
  32  2:46  Baneling Nest  
  31  2:52  Overlord  
  31  3:01  Drone x2  
  33  3:08  Zergling x4  
  33  3:11  Drone x4  
  39  3:17  Overlord, Drone  
  40  3:23  Overlord  
  40  3:25  Zergling x2  
  41  3:29  Baneling  
  41  3:30  Baneling  
  41  3:35  Zergling x2  
  41  3:36  Zergling x2  
  41  3:39  Queen  
  45  3:46  Zergling x8  
  45  3:47  Zergling x2  
  48  3:51  Zergling x4  
  45  3:59  Zergling x4  
  45  4:00  Zergling x4  
  44  4:07  Zergling x2  
  44  4:08  Zergling x2  
  41  4:16  Queen  
  43  4:24  Baneling  
  43  4:25  Baneling  
  43  4:26  Baneling x2  
  43  4:28  Drone x4  
  43  4:29  Drone  
  48  4:38  Drone x2  
  49  4:51  Drone x7  
  49  4:52  Drone  
  51  5:01  Zergling x6  
  53  5:07  Extractor  
  53  5:08  Queen  
  53  5:10  Evolution Chamber  
  53  5:14  Baneling x2  
  53  5:16  Zergling x2  
  53  5:17  Zergling x4  
  53  5:19  Baneling  
  53  5:20  Baneling  
  54  5:23  Baneling x2  
  54  5:30  Drone x3  
  54  5:33  Drone x2  
  59  5:39  Roach Warren  
  56  5:45  Drone  
  56  5:46  Drone x6  
  63  5:51  Overlord, Lair  
  63  5:53  Zerg Missile Weapons Level 1  
  63  5:54  Extractor  
  62  6:06  Drone x3  
  62  6:09  Overlord  
  62  6:10  Overlord  
  64  6:12  Overlord  
  64  6:21  Drone x4  
  64  6:23  Roach  
  64  6:24  Roach x2  
  64  6:25  Drone  
  74  6:29  Extractor  
  74  6:30  Extractor, Roach  
  74  6:31  Roach x3  
  80  6:37  Drone, Evolution Chamber  
  80  6:44  Overlord, Extractor  
  79  6:52  Roach  
  79  6:53  Roach x2  
  85  6:54  Drone x9  
  85  7:00  Drone x2  
  96  7:08  Glial Reconstitution  
  96  7:09  Overseer  
  96  7:11  Drone  
  96  7:12  Overlord  
  96  7:13  Hydralisk Den, Hatchery  
  96  7:15  Drone  
  96  7:21  Overlord x2  
  96  7:23  Roach x2  
  96  7:26  Roach x2  
  104  7:30  Roach  
  104  7:31  Roach x2  
  104  7:35  Roach x2  
  104  7:36  Overlord x2  
  115  7:44  Roach x5  
  122  7:52  Overlord x2  
  119  8:02  Hatchery  
  119  8:04  Roach x2  
  110  8:07  Zerg Missile Weapons Level 2  
  110  8:10  Zerg Ground Armor Level 1  
  110  8:17  Overlord  
  110  8:19  Ravager x2  
  112  8:24  Roach x6  
  122  8:28  Ravager x2  
  122  8:30  Ravager x2  
  126  8:37  Ravager x2  
  128  8:43  Hatchery  
  128  8:44  Roach  
  128  8:45  Roach  
  131  8:55  Drone x3  
  133  8:56  Drone  
  133  9:01  Drone  
  133  9:02  Hydralisk Den  
  135  9:03  Roach  
  135  9:04  Roach x2  
  135  9:06  Roach  
  135  9:08  Roach  
  145  9:13  Ravager  
  145  9:16  Roach x3  
  152  9:21  Roach x2  
  156  9:27  Roach x3  
  162  9:34  Overlord x2  
  162  9:41  Grooved Spines  
  162  9:44  Overlord x2, Lurker Den  
  161  9:51  Extractor, Roach x2  
  161  9:52  Roach  
  166  9:54  Hydralisk x2  
  166  9:58  Queen  
  172  10:06  Hydralisk x3  
  174  10:13  Hydralisk  
  174  10:14  Hydralisk x2  
  174  10:29  Hydralisk  
  174  10:30  Roach  
  174  10:31  Roach x6  
  152  10:39  Roach x5  
  149  10:44  Roach x3  
  149  10:49  Roach x2  
  158  10:50  Roach  
  158  10:53  Ravager  
  158  10:54  Ravager  
  140  11:14  Muscular Augments  
  140  11:17  Hatchery  
  139  11:24  Lurker x3  
  139  11:25  Lurker  
  143  11:28  Hydralisk x2  
  143  11:29  Hydralisk  
  149  11:35  Overlord x3  
  149  11:38  Roach x6  
  161  11:53  Hydralisk x3  
  167  11:56  Overlord x2  
  167  12:02  Hydralisk  
  167  12:03  Hydralisk x3  
  167  12:08  Roach  
  177  12:11  Drone  
  174  12:21  Pneumatized Carapace  
  174  12:25  Ravager  
  174  12:29  Hydralisk  
  175  12:30  Roach x7  
  163  12:38  Roach  
  163  12:39  Roach x4  
  163  12:41  Overseer  
  163  12:43  Overseer  
  167  12:49  Overseer  
  165  12:53  Roach x5  
  169  13:05  Roach  
  157  13:06  Roach x3  
  157  13:07  Unknown x3  
  163  13:14  Queen  
  165  13:22  Roach  
  165  13:23  Roach x8  
  167  13:38  Lurker  
  167  13:39  Lurker x2  
  170  13:42  Extractor  
  170  13:43  Hydralisk, Drone x3  
  170  13:44  Hydralisk x3  
  170  13:47  Drone x2  
  170  13:48  Drone x2  
  184  13:51  Overseer  
  184  14:04  Hydralisk  
  184  14:05  Roach x5  
  196  14:11  Lurker  
  195  14:21  Hydralisk  
  195  14:22  Roach  
  199  14:27  Lurker  
  184  14:45  Hydralisk  
  170  14:46  Roach x14  
  183  15:02  Hydralisk  
  183  15:03  Roach x7  
  183  15:06  Hydralisk  
  138  15:15  Hydralisk x2, Lurker  
  138  15:16  Hydralisk  
  145  15:25  Hydralisk, Roach  
  145  15:26  Roach x2  
  153  15:30  Hydralisk  
  153  15:31  Roach  
  141  15:38  Roach x3  
  137  15:45  Hydralisk  
  137  15:47  Overseer  
  133  15:50  Roach  
  106  15:57  Roach  
  88  16:06  Roach x2  
  79  16:11  Lurker  
  79  16:17  Roach x5  
Tags
 
Add a new tag
Caveats
  • Supply blocks, unpowered buildings, or Contaminate may cause inaccurate times.
  • Supply counts are checked every 10 seconds.